 Dungeon Crawl Stone Soup version 0.17.1-3-g152610e (webtiles) character file.

420 manyhoops the Firebug (level 6, 0/32 HPs)
             Began as a Deep Elf Fire Elementalist on Apr 13, 2016.
             Slain by a black bear (6 damage)
             ... on level 4 of the Dungeon.
             The game lasted 00:14:05 (3709 turns).

manyhoops the Firebug (Deep Elf Fire Elementalist)  Turns: 3709, Time: 00:14:06

Health: 0/32       AC:  5    Str:  5    XL:     6   Next: 62%
Magic:  2/15       EV: 13    Int: 22    God:
Gold:   166        SH:  0    Dex: 15    Spells: 5 memorised, 4 levels left

rFire  . . .     SeeInvis .     o - +1 dagger (venom)
rCold  . . .     Clarity  .     a - +0 robe
rNeg   . . .     SustAt   .     (no shield)
rPois  .         Gourm    .     (no helmet)
rElec  .         Spirit   .     (no cloak)
rCorr  .         Warding  .     g - +2 pair of gloves
rMut   .         Rnd*Tele +     (no boots)
MR     .....                    (no amulet)
Stlth  +++.......               (no ring)
                                w - ring of teleportation (curse)

@: not resistant to hostile enchantments, fairly stealthy
A: no striking features
a: Evoke Teleportation


You were on level 4 of the Dungeon.
You were not hungry.

You visited 1 branch of the dungeon, and saw 4 of its levels.

You collected 166 gold pieces.

Inventory:

Hand Weapons
 e - a +0 dagger
 o - a +1 dagger of venom (weapon)
Armour
 a - a +0 robe (worn)
 g - a +2 pair of gloves (worn)
Jewellery
 w - a cursed ring of teleportation (left hand)
Scrolls
 i - a scroll of recharging {unknown}
 k - a scroll of random uselessness {unknown}
 l - 2 scrolls of teleportation
 r - a scroll of identify {unknown}
 u - a scroll of fear {unknown}
 v - a scroll of fog {unknown}
 y - a scroll of remove curse {unknown}
Potions
 d - 2 potions of cancellation {unknown}
 h - a potion of invisibility {unknown}
 p - a potion of lignification {unknown}
 q - a potion of degeneration {unknown}
 s - a potion of poison {unknown}
 t - a potion of berserk rage {unknown}
 x - a potion of might {unknown}
 z - a potion of curing {unknown}
 B - a potion of flight {unknown}
Books
 b - a book of Flames

   Spells                             Type                      Level
   a - Flame Tongue                   Conjuration/Fire             1
   b - Throw Flame                    Conjuration/Fire             2
   c - Conjure Flame                  Conjuration/Fire             3
   d - Inner Flame                    Hexes/Fire                   3
   e - Sticky Flame                   Conjuration/Fire             4
   f - Fireball                       Conjuration/Fire             5
 n - a book of Conjurations

   Spells                             Type                      Level
   a - Magic Dart                     Conjuration                  1
   b - Searing Ray                    Conjuration                  2
   c - Dazzling Spray                 Conjuration/Hexes            3
   d - Fulminant Prism                Conjuration/Hexes            4
   e - Iskenderun's Mystic Blast      Conjuration                  4
   f - Iskenderun's Battlesphere      Conjuration/Charms           5
Comestibles
 c - 3 bread rations
 j - a beef jerky
 m - a slice of pizza


   Skills:
 - Level 2.4 Dodging
 - Level 4.0 Stealth
 - Level 5.3 Spellcasting
 + Level 3.9 Conjurations
 + Level 5.5 Fire Magic


You had 4 spell levels left.
You knew the following spells:

 Your Spells              Type           Power        Failure   Level  Hunger
a - Flame Tongue          Conj/Fire      ####.        1%          1    None
b - Throw Flame           Conj/Fire      ####..       1%          2    None
c - Inner Flame           Hex/Fire       ###.....     12%         3    ##.....
d - Conjure Flame         Conj/Fire      ####....     4%          3    ##.....
e - Searing Ray           Conj           ###...       3%          2    None


Dungeon Overview and Level Annotations

Branches:
Dungeon (4/15)
 Temple: D:4-7

Altars:
Elyvilon
Nemelex Xobeh
The Shining One

Annotations:
D:4 1 runed door


Message History

Aiming: Flame Tongue
Press: ? - help, Shift-Dir - straight line, f/p - black bear
Aim: a black bear (almost dead, berserk, fast, unusually strong)
The flame tongue hits the black bear.
The black bear appears unharmed.
The black bear is almost dead.
The black bear misses you. The black bear barely misses you.
The black bear claws you but does no damage.
The black bear closely misses you. x2
The black bear claws you.
* * * LOW HITPOINT WARNING * * *
Casting: Flame Tongue
Confirm with . or Enter, or press ? or * to list all spells.
Aiming: Flame Tongue
Press: ? - help, Shift-Dir - straight line, f/p - black bear
Aim: a black bear (almost dead, berserk, fast, unusually strong)
The flame tongue hits the black bear.
The black bear is almost dead.
The black bear bites you but does no damage.
The black bear barely misses you. The black bear claws you.
You die...

#..# ##.##
#..# ##.#
#.## ##.### #
##..#### ..#
##....##.....
###.@h....%.
######.%.# #


You could see a black bear (berserk).

Vanquished Creatures
  Sigmund (D:3)
  A giant frog skeleton (D:4)
  A centaur skeleton (D:4)
  Terence (D:2)
  2 worker ants (D:4)
  7 adders
  An ooze (D:2)
  An adder skeleton (D:4)
  3 worms
  3 orcs
  3 giant cockroaches
  5 goblins
  7 hobgoblins
  5 kobolds
  5 bats
  A giant gecko (D:3)
  2 giant newts
  9 rats
58 creatures vanquished.

Notes
Turn   | Place    | Note
--------------------------------------------------------------
     0 | D:1      | manyhoops the Deep Elf Fire Elementalist began the quest for the Orb.
     0 | D:1      | Reached XP level 1. HP: 10/10 MP: 6/6
   323 | D:1      | Reached XP level 2. HP: 15/15 MP: 8/8
   328 | D:1      | Learned a level 2 spell: Throw Flame
   811 | D:2      | Found a white marble altar of Elyvilon.
  1158 | D:2      | Reached XP level 3. HP: 19/19 MP: 8/10
  1163 | D:2      | Learned a level 3 spell: Inner Flame
  1177 | D:2      | Reached skill level 4 in Fire Magic
  1401 | D:2      | Noticed Terence
  1542 | D:2      | Killed Terence
  1542 | D:2      | Reached XP level 4. HP: 24/24 MP: 4/12
  1587 | D:3      | Noticed Sigmund
  1904 | D:3      | Killed Sigmund
  1904 | D:3      | Reached skill level 5 in Spellcasting
  1904 | D:3      | Reached XP level 5. HP: 16/28 MP: 2/14
  2351 | D:3      | Reached skill level 5 in Fire Magic
  2356 | D:3      | Learned a level 3 spell: Conjure Flame
  2363 | D:3      | Reached XP level 6. HP: 32/32 MP: 3/15
  2834 | D:4      | Found a sparkling altar of Nemelex Xobeh.
  3007 | D:4      | Found a glowing golden altar of the Shining One.
  3007 | D:4      | Found a runed door.
  3007 | D:4      | Noticed an angel
  3500 | D:4      | Learned a level 2 spell: Searing Ray
  3709 | D:4      | Slain by a black bear

Action                   |  1- 3 |  4- 6 || total
-------------------------+-------+-------++-------
Melee: Dagger            |     7 |    17 ||    24
 Cast: Flame Tongue      |    25 |    30 ||    55
       Throw Flame       |    16 |    38 ||    54
       Searing Ray       |       |     5 ||     5
  Use: Scroll            |     1 |     2 ||     3
 Stab: Sleeping          |     3 |     1 ||     4
       Distracted        |       |     1 ||     1
  Eat: Meat ration       |     1 |       ||     1
       Chunk             |       |     2 ||     2
       Bread ration      |       |     1 ||     1
